 Dungeon Crawl Stone Soup version 0.17.0-28-g6e173f8 (webtiles) character file.

763 karlm the Conjurer (level 7, -3/40 HPs)
             Began as a Deep Elf Wizard on Nov 30, 2015.
             Was an Initiate of Vehumet.
             Shot with a poisoned arrow by a centaur (14 damage)
             ... on level 5 of the Dungeon.
             The game lasted 00:23:50 (6076 turns).

karlm the Conjurer (Deep Elf Wizard)                Turns: 6076, Time: 00:23:50

Health: -3/40      AC:  6    Str:  4    XL:     7   Next: 51%
Magic:  5/15       EV: 14    Int: 25    God:    Vehumet [......]
Gold:   286        SH:  0    Dex: 13    Spells: 5 memorised, 3 levels left

rFire  + . .     SeeInvis +     u - +0 long sword
rCold  . . .     Clarity  .     a - +0 robe
rNeg   . . .     SustAt   .     (no shield)
rPois  .         Gourm    .     b - +1 hat
rElec  .         Spirit   .     B - +0 cloak
rCorr  +         Warding  .     m - +0 pair of gloves
rMut   .         Stasis   .     p - +0 pair of boots
MR     .....                    y - amulet of resist corrosion
Stlth  ++........               w - ring of see invisible
                                r - ring of protection from fire

@: lethally poisoned (-3 -> -7), not resistant to hostile enchantments,
unstealthy
A: no striking features
a: Renounce Religion


You were on level 5 of the Dungeon.
You worshipped Vehumet.
Vehumet was noncommittal.
You were hungry.

You visited 2 branches of the dungeon, and saw 7 of its levels.

You collected 286 gold pieces.

Inventory:

Hand Weapons
 u - a +0 long sword (weapon)
Missiles
 h - 166 stones (quivered)
 i - 28 sling bullets
 n - 16 poisoned needles
 q - a throwing net
 C - 3 curare-tipped needles
Armour
 a - a +0 robe (worn)
 b - a +1 hat (worn)
 m - a +0 pair of gloves (worn)
 p - a +0 pair of boots (worn)
 B - a +0 cloak (worn)
 H - the cursed +0 ring mail of Lygiz {Dex+2, unknown}
   (You found it on level 6 of the Dungeon)

   It affects your dexterity (+2).
   It has a curse placed upon it.
Jewellery
 r - a ring of protection from fire (left hand)
 w - a ring of see invisible (right hand)
 y - an amulet of resist corrosion (around neck)
Scrolls
 f - 2 scrolls of teleportation
 g - a scroll of enchant armour
 k - 2 scrolls of remove curse
 l - 2 scrolls of immolation {unknown}
 t - 2 scrolls of blinking
 A - 2 scrolls of recharging
 E - a scroll of amnesia
 F - a scroll of identify
Potions
 e - 4 potions of curing
 j - a potion of heal wounds
 o - a potion of brilliance {unknown}
 x - a potion of haste {unknown}
Books
 c - a book of Minor Magic

   Spells                             Type                      Level
   a - Magic Dart                     Conjuration                  1
   b - Blink                          Translocation                2
   c - Call Imp                       Summoning                    2
   d - Repel Missiles                 Charms/Air                   2
   e - Slow                           Hexes                        2
   f - Conjure Flame                  Conjuration/Fire             3
   g - Mephitic Cloud                 Conjuration/Poison/Air       3
Miscellaneous
 G - a plain deck of wonders
Comestibles
 d - 3 bread rations
 s - 4 meat rations
 v - 3 chunks of flesh
 z - 4 fruits
 D - a beef jerky


   Skills:
 + Level 2.9 Fighting
 + Level 4.8 Dodging
 - Level 2.4 Stealth
 - Level 4.4 Spellcasting
 + Level 5.5 Conjurations
 - Level 1.1 Summonings
 - Level 1.1 Translocations
 + Level 4.1 Fire Magic


You had 3 spell levels left.
You knew the following spells:

 Your Spells              Type           Power        Failure   Level  Hunger
a - Magic Dart            Conj           ####         1%          1    None
b - Call Imp              Summ           ##......     10%         2    None
c - Conjure Flame         Conj/Fire      ####....     4%          3    ##.....
d - Mephitic Cloud        Conj/Pois/Air  ##......     14%         3    ##.....
e - Blink                 Tloc           N/A          10%         2    None


Dungeon Overview and Level Annotations

Branches:
Dungeon (6/15)             Temple (1/1) D:5

Altars:
Ashenzari
Cheibriados
Dithmenos
Elyvilon
Fedhas
Gozag
Kikubaaqudgha
Makhleb
Nemelex Xobeh
Okawaru
Qazlal
Ru
Trog
Vehumet
Xom
Yredelemnul
Zin
The Shining One

Annotations:
D:5 exclusion: centaur


Message History

Aiming: Magic Dart
Press: ? - help, Shift-Dir - straight line, f/p - giant cockroach
Aim: a giant cockroach (severely wounded, clinging)
The magic dart hits the giant cockroach.
You kill the giant cockroach!
Vehumet accepts your kill.
You see here a giant cockroach corpse.
You butcher the giant cockroach corpse.
You see here 2 chunks of flesh.
The centaur wields an uncursed shortbow.
The centaur shoots a poisoned arrow.
The poisoned arrow barely misses you.
The centaur shoots a poisoned arrow.
The poisoned arrow hits you.
* * * LOW HITPOINT WARNING * * *
You are poisoned.
The centaur shoots a poisoned arrow.
The poisoned arrow barely misses you.
You see here 3 poisoned arrows.
You feel sick.
You feel sick.
The centaur shoots a poisoned arrow.
The poisoned arrow hits you!
You die...

###### ### ######....# ..#
##...##..#.###
#.#####.###........###### ##
#..............#.#......# #.
#######.#.#.#...@....##.# #.
.............<.#.#.#.##.# #.
..#.###............(....########.
#.#.# ###.###..#.#.#.#...[.......
....# ..# #........%...########
#.### ##.# #..#..##...#.### ..#
#. #..........c...# ### #.#
#..#.#...#.#.#.### .#### #.#
#...#....#.......####


You could see a centaur.

Vanquished Creatures
  The ghost of cada the Skirmisher, a novice OgFi of the Shining One (D:5)
  A centaur (D:5)
  A worker ant (D:4)
  A worker ant zombie (D:5)
  9 adders
  A shadow imp (D:5)
  An adder zombie (D:5)
  An ooze (D:6)
  2 worms
  2 giant geckos
  4 orcs
  10 giant cockroaches
  4 goblins
  5 hobgoblins
  8 jackals
  4 quokkas
  4 ball pythons
  4 bats
  4 giant newts
  A jackal skeleton (D:5)
  10 kobolds
  9 rats
87 creatures vanquished.

Vanquished Creatures (collateral kills)
  An ogre (D:4)
  A wyvern skeleton (D:5)
  A worker ant (D:4)
  2 adders (D:2)
  2 giant geckos
  7 hobgoblins
  3 jackals
  A kobold (D:1)
  A ball python (D:4)
  5 bats
24 creatures vanquished.

Grand Total: 111 creatures vanquished

Notes
Turn   | Place    | Note
--------------------------------------------------------------
     0 | D:1      | karlm the Deep Elf Wizard began the quest for the Orb.
     0 | D:1      | Reached XP level 1. HP: 10/10 MP: 7/7
   206 | D:1      | Reached XP level 2. HP: 15/15 MP: 6/9
   210 | D:1      | Learned a level 2 spell: Call Imp
   976 | D:1      | Reached XP level 3. HP: 13/19 MP: 1/10
   981 | D:1      | Learned a level 3 spell: Conjure Flame
   985 | D:1      | Learned a level 3 spell: Mephitic Cloud
  1249 | D:2      | Reached skill level 1 in Fire Magic
  1441 | D:2      | Reached XP level 4. HP: 13/24 MP: 2/12
  1629 | D:2      | Found a shattered altar of Ashenzari.
  1785 | D:2      | Found a faded altar to an unknown god.
  1883 | D:2      | Found a glowing silver altar of Zin.
  1883 | D:2      | Found a basalt altar of Yredelemnul.
  3032 | D:4      | Noticed an ogre
  3044 | D:4      | Killed an ogre
  3044 | D:4      | Reached XP level 5. HP: 11/28 MP: 7/13
  3048 | D:4      | Learned a level 2 spell: Blink
  3283 | D:4      | Reached skill level 1 in Fighting
  3985 | D:5      | Entered Level 5 of the Dungeon
  3999 | D:5      | Noticed a centaur
  4043 | D:5      | Found a sparkling altar of Nemelex Xobeh.
  4084 | D:5      | Noticed a centaur
  4117 | D:5      | Noticed cada's ghost (novice OgFi)
  4463 | D:5      | Found a glowing golden altar of the Shining One.
  4567 | D:5      | Noticed a phantom
  4594 | D:4      | Reached XP level 6. HP: 16/35 MP: 1/14
  4905 | D:5      | Found a sacrificial altar of Ru.
  5022 | D:5      | Found a staircase to the Ecumenical Temple.
  5030 | Temple   | Entered the Ecumenical Temple
  5118 | Temple   | Became a worshipper of Vehumet
  5175 | D:5      | Killed cada's ghost
  5175 | D:5      | Reached skill level 5 in Conjurations
  5175 | D:5      | Reached XP level 7. HP: 4/40 MP: 8/15
  5662 | D:6      | Noticed a phantom
  5734 | D:6      | Got a faintly glowing ring mail
  6076 | D:5      | Shot with a poisoned arrow by a centaur

Action                   |  1- 3 |  4- 6 |  7- 9 || total
-------------------------+-------+-------+-------++-------
Melee: Short sword       |     2 |       |       ||     2
       Long sword        |       |     2 |       ||     2
 Cast: Magic Dart        |    60 |   108 |    23 ||   191
       Call Imp          |    17 |    28 |     3 ||    48
       Conjure Flame     |       |     1 |     5 ||     6
       Mephitic Cloud    |       |       |     2 ||     2
  Use: Scroll            |       |    10 |     1 ||    11
  Eat: Chunk             |     1 |    12 |     2 ||    15
